 Dungeon Crawl Stone Soup version 0.28-a0-991-g956f0ee3d5 (webtiles) character file.

Game seed: 10681525617171115178

200 Decritt the Chopper (level 5, -11/47 HPs)
             Began as a Minotaur Monk on Dec 5, 2021.
             Mangled by a gnoll (19 damage)
             ... on level 4 of the Dungeon.
             The game lasted 00:04:33 (2918 turns).

Decritt the Chopper (Minotaur Monk)                 Turns: 2918, Time: 00:04:34

Health: -11/47     AC:  8    Str: 17    XL:     5   Next: 49%
Magic:  4/4        EV:  4    Int:  7    God:
Gold:   98         SH: 13    Dex: 19    Spells: 4/4 levels left

rFire   . . .      SeeInvis .   a - +0 hand axe
rCold   . . .      Faith    .   s - +0 tower shield
rNeg    . . .      Spirit   .   l - +0 chain mail
rPois   .          Reflect  .   (helmet restricted)
rElec   .          Harm     .   (no cloak)
rCorr   .          Rampage  .   (no gloves)
Will    .....                   (no boots)
Stlth   ..........              (no amulet)
HPRegen 0.15/turn               k - +6 ring of dexterity
MPRegen 0.09/turn               (no ring)

@: very slow
A: horns 2, retaliatory headbutt
a: no special abilities


You were on level 4 of the Dungeon.
You visited 1 branch of the dungeon, and saw 4 of its levels.

You collected 194 gold pieces.
You spent 96 gold pieces at shops.

Inventory:

Hand Weapons
 a - a +0 hand axe (weapon)
Missiles
 f - 2 throwing nets (quivered)
Armour
 b - a +0 robe
 l - a +0 chain mail (worn)
 s - a +0 tower shield (worn)
Jewellery
 k - a +6 ring of dexterity (left hand)
Scrolls
 d - a scroll of noise {unknown}
 e - a scroll of amnesia {unknown}
 g - a scroll of acquirement {unknown}
 h - a scroll of vulnerability {unknown}
 i - a scroll of teleportation {unknown}
 n - a scroll of enchant weapon {unknown}
 o - a scroll of fear {unknown}
Potions
 c - 5 potions of curing
 j - a potion of heal wounds {unknown}
 m - a potion of lignification {unknown}
 p - a potion of degeneration {unknown}
 q - 3 potions of haste


   Skills:
 + Level 4.8 Fighting
 * Level 5.1 Axes
 + Level 2.2 Armour
 + Level 4.0 Dodging
 - Level 1.5 Stealth
 * Level 2.2 Shields


You had 4 spell levels left.
You didn't know any spells.
Your spell library contained the following spells:

 Spells                   Type           Power      Damage    Failure   Level
 Foxfire                  Conj/Fire      0%         2x1d4     100%        1
 Conjure Flame            Conj/Fire      0%         6-21      100%        3
 Frozen Ramparts          Ice            0%         1d2       100%        3
 Gell's Gravitas          Tloc           0%         N/A       100%        3
 Inner Flame              Hex/Fire       0%         N/A       100%        3
 Lesser Beckoning         Tloc           0%         N/A       100%        3
 Teleport Other           Tloc           0%         N/A       100%        3
 Flame Wave               Conj/Fire      0%         2d4       100%        4
 Ice Form                 Ice/Tmut       0%         N/A       100%        4
 Summon Ice Beast         Ice/Summ       0%         N/A       100%        4


Dungeon Overview and Level Annotations

Branches:
Dungeon (4/15)
 Temple: D:4-7

Altars:

Shops:
D:2 [   D:3 *(


Innate Abilities, Weirdness & Mutations

You have a pair of horns on your head.
You reflexively headbutt those who attack you in melee.


Message History

An orc warrior comes into view. It is wielding a +2 halberd of venom.
A gnoll comes into view.
It is wielding a +0 whip of electrocution.
The orc wizard casts a spell.
The orc wizard flickers and vanishes!
Deactivating autopickup; reactivate with Ctrl-A.
The orc warrior moves out of view.
You miss something. Something hits you.
Your unstable footing causes you to fumble your attack.
Something hits you.
You hear some strange, mumbled words.
Something tries to affect you, but you resist.
You miss something.
You hear some strange, mumbled words.
A puff of flame appears from out of thin air!
You block the puff of flame.
You hit something. You headbutt something!
You are engulfed in a cloud of scalding steam.
You hear a splashing noise.
You block something's attack.
You hit something but do no damage.
You are engulfed in a cloud of scalding steam.
* * * LOW HITPOINT WARNING * * *
You hear some strange, mumbled words.
Something tries to affect you, but you resist.
You hit something. You headbutt something.
You hear a splash. x2
Reactivating autopickup.
You feel a bit more experienced.
You hit the gnoll but do no damage.
A gnoll comes into view. It is wielding a +0 whip.
The gnoll hits you with a +0 whip of electrocution.
* * * LOW HITPOINT WARNING * * *
You are electrocuted!
* * * LOW HITPOINT WARNING * * *
You barely miss the gnoll. You headbutt the gnoll.
The gnoll is lightly wounded.
The gnoll hits you with a +0 whip of electrocution!
* * * LOW HITPOINT WARNING * * *
You are electrocuted!!
You die...

.......# .....g #......#
..... .#......# ♣♣?..♣♣
#©.....# ♣♣.....♣♣
#...#.# ♣♣.......♣♣
#..#.####♣...≈≈≈...♣ .
##..#.##.#...≈≈g≈≈..#
.##.....##.##..≈@♣≈≈..#
##.....#.......≈≈≈≈≈..#
.......#.#......≈≈≈...#
.......#.#..##.......##
##..........###.....###.#
.##......#..# ###.......#
.©#...[..#†.# #.#######
###.........#####)#
........###.......#


You could see 2 gnolls.

Vanquished Creatures
  A centaur (D:3)
  An orc wizard (D:4)
  4 adders
  2 dart slugs (D:1)
  4 bats
  4 endoplasms
  4 giant cockroaches
  4 goblins
  4 hobgoblins
  5 jackals (D:1)
  3 quokkas
  4 ball pythons (D:1)
  5 frilled lizards
  3 kobolds
  3 rats (D:1)
51 creatures vanquished.

Notes
Turn   | Place    | Note
-------+----------+-------------------------------------------
     0 | D:1      | Decritt the Minotaur Monk began the quest for the Orb.
     0 | D:1      | Reached XP level 1. HP: 19/19 MP: 0/0
   318 | D:1      | Reached XP level 2. HP: 26/27 MP: 1/1
   321 | D:1      | Reached skill level 4 in Axes
   325 | D:1      | Reached skill level 1 in Armour
   476 | D:1      | Found a faded altar of an unknown god.
   745 | D:1      | Reached XP level 3. HP: 33/33 MP: 2/2
  1352 | D:2      | Found Zah Rien's Antique Armour Shoppe.
  1409 | D:2      | You fall into a shaft and drop 1 floor!
  1982 | D:3      | Found Corosiuts's General Store.
  1988 | D:3      | Bought a scroll of identify for 24 gold pieces
  1988 | D:3      | Bought 2 potions of curing for 72 gold pieces
  2036 | D:3      | Reached XP level 4. HP: 41/41 MP: 3/3
  2284 | D:3      | Found Nyud's Antique Weapon Shoppe.
  2403 | D:3      | Noticed a centaur
  2413 | D:3      | Killed a centaur
  2414 | D:3      | Reached skill level 1 in Shields
  2414 | D:3      | Reached XP level 5. HP: 17/47 MP: 4/4
  2804 | D:4      | Reached skill level 5 in Axes
  2910 | D:4      | Noticed an orc warrior
  2918 | D:4      | Mangled by a gnoll

Illustrated notes

Levels and vault maps discovered:
D:1:      lemuel_arrival_rhombus, layout_loops_ring,
          hellmonk_ecumenical_altar_pennies_from_heaven
D:2:      layout_rooms, serial_shops, shop, chequers_serial_rivers_micro_b,
          wander_ebering_terrifying_dragon_lair
D:3:      layout_basic, serial_shops, nicolae_shop_trees,
          nicolae_shop_hallway_plus, serial_corexii_hall,
          chequers_hall_statues_y, chequers_hall_statues_corner_a,
          chequers_hall_statues_corner_a, corexii_hall_statues_s,
          chequers_hall_statues_y, corexii_hall_statues_x
D:4:      layout_loops_cross, elyvilon_altar_3, gammafunk_ghost_abyssal_escape

Skill      XL: |  1  2  3  4  5 |
---------------+----------------+-----
Axes           | 4 5 |  5.1
Fighting       | 4 |  4.8
Armour         | 1 2 |  2.2
Shields        | 1 2 |  2.2
Dodging        | 4 |  4.0
Stealth        | |  1.5

Action                   |  1- 3 |  4- 6 || total
-------------------------+-------+-------++-------
Melee: Hand axe          |    73 |    34 ||   107
       Headbutt          |    15 |     9 ||    24
  Use: Scroll            |     1 |       ||     1
 Stab: Sleeping          |     2 |       ||     2
Armor: Robe              |     3 |       ||     3
       Chain mail        |    21 |    17 ||    38
Dodge: Dodged            |    55 |     7 ||    62
Block: Tower shield      |       |    31 ||    31

Table legend: (Time is in decaauts)
 A = Elapsed time spent in this place.
 B = Non-inter-level travel time spent in this place.
 C = Inter-level travel time spent in this place.
 D = Time resting spent in this place.
 E = Time spent auto-exploring this place.
 F = Levels seen in this place.
 G = Mean time per level.
                   A        B        C        D        E       F      G
               +--------+--------+--------+--------+--------+-----+--------+
         Total |   2949 |   2893 |     56 |    577 |   1941 |   4 |  737.2 |
       Dungeon |   2949 |   2893 |     56 |    577 |   1941 |   4 |  737.2 |
               +--------+--------+--------+--------+--------+-----+--------+

Top non-repeatable levels by time:
     D:3: 1223 daAuts
     D:1: 1066 daAuts
     D:2: 526 daAuts
     D:4: 133 daAuts
